 Dungeon Crawl Stone Soup version 0.19-a0-683-g5f2401d (webtiles) character file.

11656 Geppetto the Zephyrmancer (level 11, -13/142 HPs)
             Began as a Yellow Draconian Air Elementalist on June 17, 2016.
             Was the Champion of Sif Muna.
             Mangled by a white ugly thing (14 damage)
             ... on level 10 of the Dungeon.
             The game lasted 01:38:55 (15398 turns).

Geppetto the Zephyrmancer (DrAE)                   Turns: 15398, Time: 01:38:55

Health: -13/142    AC: 10    Str: 16    XL:     11   Next: 52%
Magic:  2/23       EV: 14    Int: 23    God:    Sif Muna [******]
Gold:   480        SH: 12    Dex: 12    Spells: 6 memorised, 7 levels left

rFire  x . .     SeeInvis .     b - staff of energy
rCold  + . .     Gourm    .     (armour unavailable)
rNeg   . . .     Faith    .     o - +2 buckler
rPois  .         Spirit   .     P - +0 hat
rElec  .         Dismiss  .     K - +0 cloak
rCorr  +         Reflect  +     h - +1 pair of gloves
SustAt .         Harm     .     (no boots)
MR     .....                    A - +5 amulet of reflection
Stlth  ..........               g - ring of ice
                                n - +2 ring of evasion

@: brilliant, berserking, about to teleport, repel missiles, very quick, not
resistant to hostile enchantments, extremely unstealthy
A: spit acid, acid resistance, unfitting armour, cold-blooded, AC +7
a: Spit Acid, Channel Energy, Forget Spell, Renounce Religion


You were on level 10 of the Dungeon.
You worshipped Sif Muna.
Sif Muna was exalted by your worship.
You were hungry.

You visited 2 branches of the dungeon, and saw 12 of its levels.
You also visited: Sewer.

You collected 575 gold pieces.
You spent 95 gold pieces at shops.

Inventory:

Hand Weapons
 J - a +2 mace of protection
Armour
 h - a +1 pair of gloves (worn)
 o - a +2 buckler (worn)
 K - a +0 cloak (worn)
 P - a +0 hat (worn)
Magical Staves
 b - an uncursed staff of energy (weapon)
 N - an uncursed staff of summoning
Jewellery
 g - a ring of ice (right hand)
 m - an uncursed amulet of harm
 n - a +2 ring of evasion (left hand)
 u - a +2 ring of strength
 v - an uncursed ring of protection from fire
 A - a +5 amulet of reflection (around neck)
 C - an uncursed ring of stealth
 F - an uncursed ring of magical power
Wands
 z - a wand of disintegration (1/24)
 G - a wand of flame (16/48)
 Q - a wand of teleportation (4/9)
Scrolls
 c - a scroll of enchant weapon
 d - 5 scrolls of remove curse
 f - 2 scrolls of fog
 q - 2 scrolls of teleportation
 y - 4 scrolls of recharging
 L - 4 scrolls of identify
Potions
 e - 5 potions of brilliance
 i - a potion of might
 j - 4 potions of flight
 k - 2 potions of ambrosia
 l - 2 potions of curing
 r - 2 potions of agility
 s - a potion of resistance
 t - 2 potions of degeneration
 D - a potion of haste
 I - 2 potions of berserk rage
 R - a potion of mutation
Books
 a - a book of Air

   Spells                             Type                      Level
   a - Shock                          Conjuration/Air              1
   b - Swiftness                      Charms/Air                   2
   c - Repel Missiles                 Charms/Air                   2
   d - Static Discharge               Conjuration/Air              3
   e - Lightning Bolt                 Conjuration/Air              5
 B - a Fen Folio

   Spells                             Type                      Level
   a - Corpse Rot                     Necromancy                   2
   b - Stone Arrow                    Conjuration/Earth            3
   c - Leda's Liquefaction            Hexes/Earth                  4
   d - Summon Forest                  Summoning/Translocation      5
   e - Hydra Form                     Transmutation                6
   f - Summon Hydra                   Summoning                    7
 E - a book of Callings

   Spells                             Type                      Level
   a - Summon Small Mammal            Summoning                    1
   b - Call Imp                       Summoning                    2
   c - Call Canine Familiar           Summoning                    3
   d - Summon Guardian Golem          Hexes/Summoning              3
   e - Summon Lightning Spire         Summoning/Air                4
   f - Summon Ice Beast               Ice/Summoning                4
 H - a book of Misfortune

   Spells                             Type                      Level
   a - Confusing Touch                Hexes                        2
   b - Confuse                        Hexes                        3
   c - Gell's Gravitas                Hexes/Translocation          3
   d - Petrify                        Transmutation/Earth          4
   e - Metabolic Englaciation         Hexes/Ice                    5
   f - Yara's Violent Unravelling     Hexes/Transmutation          5
 S - a book of the Earth

   Spells                             Type                      Level
   a - Leda's Liquefaction            Hexes/Earth                  4
   b - Bolt of Magma                  Conjuration/Fire/Earth       5
   c - Statue Form                    Transmutation/Earth          6
   d - Iron Shot                      Conjuration/Earth            6
   e - Shatter                        Earth                        9
 W - Gesewem's Almanac of Damage Dealing
   (Sif Muna gifted it to you on level 10 of the Dungeon)

   Spells                             Type                      Level
   a - Throw Flame                    Conjuration/Fire             2
   b - Sticky Flame                   Conjuration/Fire             4
   c - Fulminant Prism                Conjuration/Hexes            4
   d - Conjure Ball Lightning         Conjuration/Air              6
   e - Spellforged Servitor           Conjuration/Summoning        7
Miscellaneous
 M - a phial of floods
 U - a sack of spiders
Comestibles
 p - 4 bread rations
 x - 2 meat rations
 O - a royal jelly
 T - a beef jerky


   Skills:
 + Level 8.3 Fighting
 - Level 1.7 Dodging
 - Level 1.7 Stealth
 - Level 4.3 Shields
 - Level 8.6 Spellcasting
 + Level 8.5 Conjurations
 - Level 5.0 Summonings
 - Level 8.6 Air Magic
 * Level 1.7 Earth Magic
 + Level 3.8 Invocations


You had 7 spell levels left.
You knew the following spells:

 Your Spells              Type           Power        Failure   Level  Hunger
a - Shock                 Conj/Air       ####         1%          1    None
b - Iron Shot             Conj/Erth      #####.....   28%         6    None
c - Summon Lightning Spi  Summ/Air       ######..     1%          4    None
d - Lightning Bolt        Conj/Air       ######....   1%          5    None
e - Swiftness             Chrm/Air       #####...     1%          2    None
f - Repel Missiles        Chrm/Air       #####.       1%          2    None


Dungeon Overview and Level Annotations

Branches:
Dungeon (11/15)            Temple (1/1) D:4            Lair (0/6) D:11
    Orc: D:9-12

Altars:
Ashenzari
Cheibriados
Dithmenos
Elyvilon
Fedhas
Gozag
Hepliaklqana
Kikubaaqudgha
Makhleb
Nemelex Xobeh
Okawaru
Pakellas
Qazlal
Ru
Sif Muna
Trog
Uskayaw
Vehumet
Xom
Yredelemnul
Zin
The Shining One

Shops:
D:4 *

Annotations:
D:10 exclusion: gargoyle
D:11 Yermak's ghost, journeyman OgAs


Innate Abilities, Weirdness & Mutations

You can spit globs of acid.
You are resistant to acid.
Your golden yellow scales are hard. (AC +7)
Your body does not fit into most forms of armour.
You are cold-blooded and may be slowed by cold attacks.


Message History

The white ugly thing freezes you! You resist.
* * * LOW HITPOINT WARNING * * *
You feel better. The white ugly thing stings you!
* * * LOW HITPOINT WARNING * * *
The white ugly thing freezes you! You resist.
* * * LOW HITPOINT WARNING * * *
Okay, then.
Okay, then.
Casting: Lightning Bolt
Confirm with . or Enter, or press ? or * to list all spells.
Aiming: Shock
Press: ? - help, Shift-Dir - straight line, p - white ugly thing
Okay, then.
Okay, then.
A red film seems to cover your vision as you go berserk!
You feel yourself moving faster!
You feel mighty! The white ugly thing stings you.
* * * LOW HITPOINT WARNING * * *
The white ugly thing freezes you! You resist.
You die...

.........(......(...........#
............###############.#
####..........# #.#
#.....≈≈...# #.# #..)..≈....#
#.# ## #....≈≈≈...# #.# .#
#..........# #.#
.###.....)....#### #.#
.........)....†u@# #.#
.###..........#### #.# .#
######[##### #.#
#########)########## #.#
.........).........# #.#
...≈≈..............########.#
....≈≈≈.....................#
...≈≈≈≈≈...........##########
............########


You could see a white ugly thing.

Vanquished Creatures
  Gastronok (D:9)
  A flayed ghost (D:8)
  An unseen horror (D:9)
  An ugly thing (D:9)
  A centaur zombie (D:11)
  Maurice (D:8)
  A gargoyle (D:10)
  2 trolls (D:10)
  A shadow (D:8)
  4 wraiths (D:8)
  5 fire bats
  2 yaks (D:10)
  A hungry ghost (D:9)
  2 phantoms
  An ice beast (D:5)
  3 orc warriors
  A black bear (D:9)
  A necrophage (D:10)
  A wasp (D:10)
  4 ogres
  2 sky beasts
  2 centaurs (D:9)
  2 crocodiles (D:10)
  5 big kobolds
  5 giant frogs
  A wyvern skeleton (D:6)
  A gnoll sergeant (D:9)
  6 scorpions
  A water moccasin skeleton (D:6)
  3 spriggan skeletons (D:9)
  5 wights (D:6)
  A howler monkey (D:10)
  A lava snake (D:9)
  6 crimson imps
  2 jellies
  4 hounds
  Crazy Yiuf (D:7)
  6 orc priests
  4 centaur skeletons
  Jessica (D:2)
  Terence (D:3)
  8 orc wizards
  6 iguanas
  3 worker ants
  3 hound zombies
  3 worker ant zombies
  12 adders
  4 gnolls
  9 river rats
  3 shadow imps
  A white imp (D:7)
  2 oozes
  2 adder skeletons
  3 adder zombies
  2 worms
  2 dart slugs
  6 giant geckos
  21 orcs
  4 giant cockroaches
  11 goblins
  3 hobgoblins
  9 jackals
  25 kobolds
  3 quokkas
  7 ball pythons
  22 bats
  A giant cockroach zombie (D:6)
  5 giant newts
  A goblin skeleton (D:7)
  2 goblin zombies (D:7)
  A hobgoblin zombie (D:7)
  A kobold zombie (D:7)
  2 orc skeletons (D:7)
  An orc zombie (D:7)
  A quokka skeleton (D:5)
  A quokka zombie (D:8)
  22 rats
307 creatures vanquished.

Vanquished Creatures (collateral kills)
  3 yaks (D:10)
  A water moccasin (D:10)
  A hell hound (D:9)
  A wyvern zombie (D:8)
  A scorpion (D:11)
  A lava snake (D:9)
  An orc (D:9)
9 creatures vanquished.

Vanquished Creatures (others)
  Erica (D:9)
  A centaur (D:10)
  3 fire vortices (D:9)
5 creatures vanquished.

Grand Total: 321 creatures vanquished

Notes
Turn   | Place    | Note
--------------------------------------------------------------
     0 | D:1      | Geppetto the Draconian Air Elementalist began the quest for the Orb.
     0 | D:1      | Reached XP level 1. HP: 14/14 MP: 3/3
   331 | D:1      | Reached XP level 2. HP: 10/20 MP: 0/5
   335 | D:1      | Learned a level 2 spell: Repel Missiles
   338 | D:1      | Learned a level 2 spell: Swiftness
   925 | D:1      | Found a sparkling altar of Nemelex Xobeh.
  1060 | D:1      | Reached XP level 3. HP: 26/26 MP: 3/6
  1571 | D:2      | Found a faded altar of an unknown god.
  1574 | D:2      | Noticed Jessica
  1600 | D:2      | Killed Jessica
  1600 | D:2      | Reached XP level 4. HP: 16/33 MP: 0/7
  2122 | D:2      | Reached skill level 1 in Shields
  2897 | D:3      | Reached XP level 5. HP: 38/38 MP: 3/8
  2987 | D:3      | Noticed Terence
  2998 | D:3      | Killed Terence
  3593 | D:4      | Found a staircase to the Ecumenical Temple.
  3602 | Temple   | Entered the Ecumenical Temple
  3759 | Temple   | Became a worshipper of Sif Muna the Loreminder
  3803 | D:4      | Found a glowing drain.
  3823 | Sewer    | Entered a sewer
  4168 | Sewer    | Reached XP level 6. HP: 42/45 MP: 0/9
  4535 | Sewer    | Reached skill level 5 in Conjurations
  4536 | Sewer    | Your scales start taking on a golden yellow colour.
  4536 | Sewer    | Reached XP level 7. HP: 18/50 MP: 0/11
  4852 | Sewer    | Reached * piety under Sif Muna
  5291 | D:4      | Learned a level 5 spell: Lightning Bolt
  5314 | D:4      | Found Zaosta's General Store.
  5341 | D:4      | Bought a scroll of recharging for 95 gold pieces
  5382 | D:4      | Found an oddly glowing altar of Pakellas.
  5737 | D:4      | Found a sparkling altar of Nemelex Xobeh.
  5740 | D:4      | Found a shimmering altar of Xom.
  5742 | D:4      | Found a hide-covered altar of Uskayaw.
  5745 | D:4      | Found an iron altar of Okawaru.
  5745 | D:4      | Found a radiant altar of Vehumet.
  5746 | D:4      | Found a stormy altar of Qazlal.
  5746 | D:4      | Found an oddly glowing altar of Pakellas.
  5747 | D:4      | Found a blossoming altar of Fedhas.
  5942 | D:5      | Entered Level 5 of the Dungeon
  6143 | D:5      | Reached XP level 8. HP: 57/57 MP: 4/13
  6383 | D:5      | Reached ** piety under Sif Muna
  6550 | D:5      | Reached skill level 1 in Fighting
  7372 | D:6      | Reached skill level 5 in Spellcasting
  7381 | D:6      | Learned a level 4 spell: Summon Lightning Spire
  7430 | D:6      | Reached XP level 9. HP: 70/70 MP: 12/16
  7449 | D:6      | Reached skill level 1 in Summonings
  7449 | D:6      | Reached skill level 5 in Air Magic
  7493 | D:6      | Reached *** piety under Sif Muna
  8560 | D:7      | Noticed Crazy Yiuf
  8564 | D:7      | Killed Crazy Yiuf
  8706 | D:7      | Found a glowing golden altar of the Shining One.
  8764 | D:7      | Found an ancient bone altar of Kikubaaqudgha.
  9273 | D:8      | Found a runed door.
  9376 | D:8      | Reached skill level 5 in Fighting
  9424 | D:8      | Found a glowing silver altar of Zin.
  9445 | D:8      | Found a shimmering altar of Xom.
  9480 | D:8      | Found a snail-covered altar of Cheibriados.
  9524 | D:8      | Found a glowing silver altar of Zin.
  9566 | D:8      | Reached **** piety under Sif Muna
  9650 | D:8      | Found a deep blue altar of Sif Muna.
  9664 | D:8      | Found a glowing golden altar of the Shining One.
  9734 | D:8      | Noticed a flayed ghost
  9740 | D:8      | Killed a flayed ghost
  9740 | D:8      | Reached XP level 10. HP: 83/83 MP: 9/17
 10013 | D:8      | Noticed Maurice
 10053 | D:8      | Killed Maurice
 10283 | D:8      | Found a bloodstained altar of Trog.
 10360 | D:9      | Noticed Erica
 10377 | D:9      | Killed Erica
 10615 | D:9      | Reached ***** piety under Sif Muna
 10650 | D:9      | HP: 2/83 [something (10)]
 10655 | D:9      | HP: 3/83 [something (10)]
 10658 | D:9      | Killed an unseen horror
 10658 | D:9      | Reached skill level 5 in Summonings
 11855 | D:9      | Noticed Gastronok
 11916 | D:9      | Noticed a brown ugly thing
 12226 | D:9      | Killed Gastronok
 12226 | D:9      | Reached skill level 1 in Invocations
 12226 | D:9      | Reached XP level 11. HP: 93/93 MP: 1/22
 12425 | D:9      | Killed a brown ugly thing
 12984 | D:10     | Entered Level 10 of the Dungeon
 13896 | D:10     | Reached ****** piety under Sif Muna
 14102 | D:10     | Received a gift from Sif Muna
 14107 | D:10     | Identified Gesewem's Almanac of Damage Dealing (Sif Muna gifted it to you on level 10 of the Dungeon)
 14281 | D:10     | Learned a level 6 spell: Iron Shot
 14750 | D:11     | Noticed Yermak's ghost (journeyman OgAs)
 14832 | D:10     | Reached skill level 1 in Earth Magic
 15246 | D:11     | Noticed a hill giant
 15357 | D:11     | Found a staircase to the Lair.
 15357 | D:11     | Noticed a white ugly thing
 15398 | D:10     | HP: 1/142 [white ugly thing (6)]
 15398 | D:10     | Mangled by a white ugly thing

Vault maps used:
D:1:      ncdulo_halloftheorcs, serial_corexii_hall, corexii_hall_statues_t,
          corexii_hall_statues_u, corexii_hall_statues_t, nrook_loot_triangle,
          nemelex_diamond_rough_becter
D:2:      ecumenical_altar_2, uniq_jessica
D:3:      kennysheep_six_static_rooms, uniq_terence
D:4:      grunt_temple_overflow_open, minmay_temple_entry_purple_smoke,
          portal_sewer_entry_a, serial_shops, shop, johnstein_pakellas_dig
D:5:      first_bread
D:6:      hangedman_decor_growths
D:7:      kiku_gazebo_garden_becter, nicolae_tso_besieged_by_evil,
          uniq_crazy_yiuf_cottage
D:8:      due_megacathedral, kennysheep_little_box, uniq_maurice
D:9:      hangedman_tell_no_tales, hangedman_incinerator, uniq_erica,
          uniq_gastronok
D:10:     minmay_misc_feat_hallway
D:11:     dpeg_lair_monsters, david_orc_4
Temple:   circular_temple_12
Sewer:    sewer_minmay_treatment

Skill      XL: |  1  2  3  4  5  6  7  8  9 10 11 |
---------------+----------------------------------+-----
Conjurations   | 2 3 4 5 6 8 |  8.5
Shields        | 1 2 3 4 |  4.3
Air Magic      | 4 7 8 |  8.6
Spellcasting   | 3 5 7 8 |  8.6
Fighting       | 3 5 7 8 |  8.3
Summonings     | 4 5 |  5.0
Invocations    | 1 3 |  3.8
Earth Magic    | 1 |  1.7
Dodging        | |  1.7
Stealth        | |  1.7

Action                   |  1- 3 |  4- 6 |  7- 9 | 10-12 || total
-------------------------+-------+-------+-------+-------++-------
Melee: Whip              |    35 |       |       |       ||    35
       Unarmed           |     2 |       |       |       ||     2
       Tailslap          |     2 |     9 |     3 |     3 ||    17
       Spear             |    14 |    44 |    33 |       ||    91
       Mace              |       |       |     1 |    32 ||    33
 Cast: Shock             |    62 |   156 |   259 |   247 ||   724
       Repel Missiles    |     1 |     3 |       |     2 ||     6
       Summon Lightning  |       |       |     1 |    16 ||    17
       Lightning Bolt    |       |       |       |    50 ||    50
       Swiftness         |       |       |       |     1 ||     1
Invok: Channel Energy    |       |       |       |    19 ||    19
 Abil: Spit Acid         |       |       |    56 |    56 ||   112
  Use: Scroll            |     4 |     9 |     5 |     4 ||    22
       Potion            |     1 |       |     1 |    12 ||    14
  Eat: Chunk             |     3 |     8 |    21 |    13 ||    45
       Bread ration      |       |     1 |     1 |     2 ||     4
       Fruit             |       |       |     2 |     4 ||     6
       Pizza             |       |       |       |     1 ||     1
       Royal jelly       |       |       |       |     3 ||     3
       Beef jerky        |       |       |       |     1 ||     1
Armor: Skin              |    20 |    16 |    18 |    57 ||   111
Dodge: Dodged            |    32 |    54 |    56 |    80 ||   222
       Deflected         |       |     4 |     1 |     4 ||     9
Block: Buckler           |     3 |    19 |    53 |    94 ||   169
       Reflection        |       |       |       |     8 ||     8
